 Dungeon Crawl Stone Soup version 0.29.0-4-gdea44cf6ec (webtiles) character file.

Game seed: 10444788931574803636

1696 qw the Cleaver (level 8, -3/68 (70) HPs)
             Began as a Minotaur Fighter on Sept 6, 2022.
             Killed from afar by an orc wizard (6 damage)
             ... with a magic dart
             ... on level 6 of the Dungeon.
             The game lasted 00:01:58 (4521 turns).

qw the Cleaver (Minotaur Fighter)                   Turns: 4521, Time: 00:01:59

HP:   -3/68 (70)    AC: 10    Str: 22    XL:     8   Next: 72%
MP:   7/7           EV:  8    Int:  5    God:
Gold: 312           SH:  5    Dex: 11    Spells: 7/7 levels left

rFire   . . .      SeeInvis .   Y - +2 war axe
rCold   . . .      Faith    .   c - +0 buckler
rNeg    . . .      Spirit   .   f - +1 chain mail {Will+}
rPois   .          Reflect  .   (helmet restricted)
rElec   .          Harm     .   (no cloak)
rCorr   +          Rampage  .   (no gloves)
Will    +....                   (no boots)
Stlth   ..........              (no amulet)
HPRegen 0.21/turn               g - ring of resist corrosion
MPRegen 0.10/turn               (no ring)

@: lightly drained
A: horns 2, retaliatory headbutt
a: no special abilities


You were on level 6 of the Dungeon.
You visited 1 branch of the dungeon, and saw 6 of its levels.

You collected 312 gold pieces.


Innate Abilities, Weirdness & Mutations

You have a pair of horns on your head.
You reflexively headbutt those who attack you in melee.


   Skills:
 - Level 6.1 Fighting
 + Level 11.6 Axes
 - Level 4.6 Armour
 - Level 2.3 Dodging
 - Level 4.6 Shields


You had 7 spell levels left.
You didn't know any spells.
Your spell library was empty.

Inventory:

Hand Weapons
 b - a +0 flail
 Y - a +2 war axe (weapon)
Armour
 c - a +0 buckler (worn)
 f - a +1 chain mail of willpower (worn)
Jewellery
 e - a ring of protection from fire
 g - a ring of resist corrosion (left hand)
Scrolls
 j - a scroll of identify
Potions
 a - a potion of haste
 d - 2 potions of might
 i - a potion of ambrosia {unknown}
 k - 3 potions of curing
 l - a potion of cancellation {unknown}

Dungeon Overview and Level Annotations

Branches:
Dungeon (6/15)
 Temple: D:4-7

Altars:

Annotations:
D:6 Dowan, Edmund


Message History

The phantom is heavily damaged.
Dowan says, "Her death will not be in vain!"
The phantom barely misses you. You furiously retaliate!
You headbutt the phantom, but do no damage.
You slice the phantom!!
You destroy the phantom!
Dowan casts a spell.
Dowan blinks!
Edmund zaps a wand.
Some rock shatters into small pieces.
Dowan casts a spell at you. The shard of ice misses you.
Your life force feels restored.
You closely miss Dowan.
Dowan is moderately wounded.
Dowan casts a spell at you. The shard of ice hits you!!
You barely miss Dowan. Your headbutt misses Dowan.
Dowan is moderately wounded.
Dowan hits you but does no damage.
Edmund zaps a wand.
Some rock shatters into small pieces.
Dowan hits you but does no damage.
You hit Dowan but do no damage. Your headbutt misses Dowan.
Dowan is moderately wounded.
You hit the orc wizard. Dowan casts a spell at you. You block the stone arrow.
The orc wizard closely misses you.
You barely miss Dowan.
Dowan is moderately wounded.
You miss something. You hit the orc wizard.
Dowan gestures wildly while chanting.
Dowan blinks!
Something hits you but does no damage.
The orc wizard hits you but does no damage.
You hit the orc wizard but do no damage.
The orc wizard is heavily wounded.
You slash Edmund! You hit something.
Edmund hits you with a +0 flail of draining!
You feel drained.
The orc wizard hits you but does no damage.
You hear some strange, mumbled words.
A magic dart appears from out of thin air!
The magic dart hits you.
You die...

....## ... ....##..#...#
### .....#..#...#### ..#
.#........... #. ..#
.#......#...###. ..####.
####...##....##.#.......
##....##...#........# #
#.................#
###..........|..@##..
#..............o@{......
...............)........
..#..............#......
#.#.............e....##.
..##.........)...#...#
...#.............# #.#
.###..##.........# ..
..# ...#.......###


You could see Edmund, Dowan (fast) and an orc wizard.

Vanquished Creatures
  Pikel (D:5)
  Duvessa (D:6)
  An ogre (D:4)
  3 black bears
  A lemure (D:5)
  3 phantoms
  5 hounds (D:5)
  An orc priest (D:6)
  4 iguanas
  Terence (D:3)
  2 orc wizards
  Robin (D:2)
  4 gnolls (D:5)
  4 adders
  A shadow imp (D:5)
  3 ufetubi
  6 worms
  6 orcs
  5 ball pythons
  10 bats
  4 endoplasms
  2 giant cockroaches
  9 goblins
  6 hobgoblins
  3 jackals (D:4)
  9 kobolds
  5 quokkas
  4 frilled lizards
  6 rats
111 creatures vanquished.

Vanquished Creatures (collateral kills)
  A giant cockroach (D:1)
  A rat (D:1)
2 creatures vanquished.

Grand Total: 113 creatures vanquished

Notes
Turn   | Place    | Note
-------+----------+-------------------------------------------
     0 | D:1      | qw the Minotaur Fighter began the quest for the Orb.
     0 | D:1      | Reached XP level 1. HP: 19/19 MP: 0/0
     0 | D:1      | 0 ||| qw: Version: 0.1-a-107-g9ff403c
     0 | D:1      | 0 ||| qw: Game counter: 6035
     0 | D:1      | 0 ||| qw: Always use a shield: true
     0 | D:1      | 0 ||| qw: God list: Ru
     0 | D:1      | 0 ||| qw: Allow faded altars: false
     0 | D:1      | 0 ||| qw: Do Orc after D:15 true
     0 | D:1      | 0 ||| qw: Do second Lair branch before Depths: true
     0 | D:1      | 0 ||| qw: Lair rune preference: random
     0 | D:1      | 0 ||| qw: Plans: Normal
     0 | D:1      | 0 ||| PLANNING D:1-11
    87 | D:1      | Reached skill level 3 in Axes
   153 | D:1      | Reached XP level 2. HP: 26/26 MP: 1/1
   373 | D:1      | 373 ||| UPGRADING to +1 chain mail of willpower.
   380 | D:1      | 380 ||| UPGRADING to +1 chain mail of willpower.
   390 | D:1      | 390 ||| DROPPING +0 scale mail.
   392 | D:1      | 392 ||| READING scroll labelled HOINUE EFOHUHI.
   428 | D:1      | Reached skill level 4 in Axes
   763 | D:1      | 763 ||| DRINKING 3 metallic white potions.
   778 | D:2      | 778 ||| STAIRDANCE
   901 | D:2      | Reached XP level 3. HP: 31/31 MP: 2/2
   907 | D:2      | 907 ||| Stepping ~*~*~tactically~*~*~ (stealth).
   950 | D:2      | Noticed Robin
   958 | D:2      | Killed Robin
  1013 | D:2      | Reached skill level 5 in Axes
  1363 | D:2      | 1363 ||| READING 2 scrolls labelled ZIUCSOIPEGI.
  1364 | D:2      | 1364 ||| READING 3 scrolls labelled JIXTOI FOUKHLIO.
  1365 | D:2      | 1365 ||| READING scroll labelled WAANEEFFYICK.
  1366 | D:2      | 1366 ||| READING scroll labelled DAUMIH MUIZI.
  1367 | D:2      | 1367 ||| DRINKING 2 viscous purple potions.
  1368 | D:2      | 1368 ||| READING 2 scrolls of identify.
  1368 | D:2      | 1368 ||| IDENTIFYING orange potion
  1369 | D:2      | 1369 ||| DROPPING potion of flight.
  1370 | D:2      | 1370 ||| DROPPING potion of brilliance.
  1371 | D:2      | 1371 ||| DROPPING scroll of poison.
  1372 | D:2      | 1372 ||| Stepping randomly (stuck).
  1373 | D:2      | 1373 ||| Stepping ~*~*~tactically~*~*~ (cloud).
  1595 | D:3      | Found a faded altar of an unknown god.
  1665 | D:3      | Noticed Terence
  1666 | D:3      | 1666 ||| Stepping ~*~*~tactically~*~*~ (stealth).
  1679 | D:3      | Killed Terence
  1680 | D:3      | Reached XP level 4. HP: 37/39 MP: 3/3
  1759 | D:3      | Reached skill level 1 in Dodging
  1846 | D:3      | 1846 ||| Stepping ~*~*~tactically~*~*~ (stealth).
  1847 | D:3      | 1847 ||| Stepping ~*~*~tactically~*~*~ (hiding).
  1850 | D:3      | 1850 ||| Stepping ~*~*~tactically~*~*~ (hiding).
  1860 | D:3      | Reached skill level 6 in Axes
  1862 | D:3      | Reached XP level 5. HP: 25/45 MP: 4/4
  1997 | D:3      | 1997 ||| DROPPING +0 club.
  2001 | D:3      | 2001 ||| DROPPING +0 whip.
  2109 | D:3      | 2109 ||| READING scroll labelled INKIQOSIKO.
  2110 | D:3      | 2110 ||| DRINKING 2 white potions.
  2144 | D:4      | 2144 ||| STAIRDANCE
  2242 | D:4      | 2242 ||| Stepping ~*~*~tactically~*~*~ (hiding).
  2673 | D:4      | 2673 ||| READING scroll of enchant weapon.
  2673 | D:4      | 2673 ||| ENCHANTING +1 war axe.
  2738 | D:4      | Noticed a black bear
  2745 | D:4      | Killed a black bear
  2746 | D:4      | Reached skill level 7 in Axes
  2746 | D:4      | Reached XP level 6. HP: 38/51 MP: 5/5
  2871 | D:4      | HP: 7/52 [ogre/+0 giant club (22)]
  2872 | D:4      | 2872 ||| DRINKING 3 potions of heal wounds.
  3140 | D:4      | 3140 ||| FLEEEEING.
  3141 | D:4      | 3141 ||| FLEEEEING.
  3147 | D:4      | 3147 ||| FLEEEEING.
  3148 | D:4      | 3148 ||| FLEEEEING.
  3281 | D:4      | 3281 ||| Stepping ~*~*~tactically~*~*~ (stealth).
  3316 | D:4      | Reached skill level 8 in Axes
  3327 | D:4      | 3327 ||| READING scroll labelled METHRY CUMU.
  3331 | D:4      | 3331 ||| READING scroll labelled SOYCOCR JAINI.
  3332 | D:4      | 3332 ||| READING 3 scrolls of identify.
  3332 | D:4      | 3332 ||| IDENTIFYING sapphire potion
  3333 | D:4      | 3333 ||| READING 2 scrolls of identify.
  3333 | D:4      | 3333 ||| IDENTIFYING clear potion
  3334 | D:4      | 3334 ||| DROPPING potion of degeneration.
  3384 | D:5      | Entered Level 5 of the Dungeon
  3409 | D:5      | Reached XP level 7. HP: 60/60 MP: 6/6
  3415 | D:5      | HP: 15/60 [poisoned by an adder]
  3416 | D:5      | 3416 ||| DRINKING 2 potions of heal wounds.
  3420 | D:5      | 3420 ||| DRINKING potion of heal wounds.
  3424 | D:5      | Reached skill level 9 in Axes
  3816 | D:5      | 3816 ||| Stepping ~*~*~tactically~*~*~ (stealth).
  3831 | D:5      | Noticed Pikel
  3832 | D:5      | 3832 ||| Stepping ~*~*~tactically~*~*~ (hiding).
  3843 | D:5      | Killed Pikel
  3844 | D:5      | Reached skill level 11 in Axes
  3844 | D:5      | Reached XP level 8. HP: 53/68 MP: 7/7
  4258 | D:5      | Reached skill level 6 in Fighting
  4356 | D:5      | 4356 ||| UPGRADING to ring of resist corrosion.
  4357 | D:5      | 4357 ||| READING scroll labelled FURU UHITHOFO.
  4358 | D:5      | 4358 ||| READING scroll labelled JADELOZXEJA.
  4359 | D:5      | 4359 ||| DRINKING 2 emerald potions.
  4360 | D:5      | 4360 ||| READING 2 scrolls of identify.
  4360 | D:5      | 4360 ||| IDENTIFYING blue potion
  4361 | D:5      | 4361 ||| DROPPING potion of invisibility.
  4362 | D:5      | 4362 ||| DROPPING potion of attraction.
  4502 | D:6      | Noticed Dowan
  4503 | D:6      | Noticed Duvessa
  4508 | D:6      | Noticed Edmund
  4509 | D:6      | Killed Duvessa
  4517 | D:6      | HP: 11/70 [Dowan/shard of ice (19)]
  4521 | D:6      | HP: 5/70 [Edmund/+0 flail of draining (7)]
  4521 | D:6      | Killed from afar by an orc wizard

Levels and vault maps discovered:
D:1:      dpeg_arrival_yet_another_circle, layout_rooms, serial_corexii_hall,
          corexii_hall_statues_l, corexii_hall_statues_l, due_unseen_surprise
D:2:      layout_rooms, uniq_robin
D:3:      layout_rooms, ebering_ecumenical_altar_abandoned,
          kennysheep_generic_room_7, uniq_terence
D:4:      layout_loops_ring, nicolae_wormholes
D:5:      layout_loops_ring, uniq_pikel
D:6:      layout_cave_pools, minmay_temple_entry_purple_smoke, serial_shops,
          nicolae_shop_waterfront, uniq_menkaure, uniq_edmund, uniq_duvessa

Skill      XL: |  1  2  3  4  5  6  7  8 |
---------------+-------------------------+-----
Axes           | 3 4 5 6 7 8 11 | 11.6
Dodging        | 1 2 |  2.3
Fighting       | 4 5 6 |  6.1
Shields        | 4 |  4.6
Armour         | 4 |  4.6

Action                   |  1- 3 |  4- 6 |  7- 9 || total
-------------------------+-------+-------+-------++-------
Melee: War axe           |    89 |    90 |    82 ||   261
       Headbutt          |     7 |    13 |    14 ||    34
  Use: Scroll            |     6 |     6 |     3 ||    15
       Potion            |     2 |     2 |     3 ||     7
Armor: Scale mail        |     7 |       |       ||     7
       Chain mail        |    41 |    35 |    47 ||   123
Dodge: Dodged            |    29 |    27 |    31 ||    87
Block: Buckler           |    16 |    16 |    20 ||    52

Table legend:
 A = Non-vault XP
 B = Vault XP
 C = Vault XP percentage of total XP
 D = Non-vault monster count
 E = Vault monster count
 F = Vault count percentage of total count
                 A         B        C        D         E       F
            +---------+---------+-------+---------+---------+-------
      Total |    1525 |     899 |  37.1 |      92 |      20 |  17.9
            +---------+---------+-------+---------+---------+-------
        D:1 |      38 |       0 |   0.0 |      24 |       0 |   0.0
        D:2 |      17 |      31 |  64.6 |      11 |       9 |  45.0
        D:3 |      72 |      40 |  35.7 |      15 |       3 |  16.7
        D:4 |     501 |      25 |   4.8 |      21 |       5 |  19.2
        D:5 |     603 |     656 |  52.1 |      17 |       2 |  10.5
        D:6 |     294 |     147 |  33.3 |       4 |       1 |  20.0
            +---------+---------+-------+---------+---------+-------
